 Dungeon Sprint DCSS version 0.31-a0-152-g6aa68a64a1 (webtiles) character file.

Game seed: 17058261440637553485

448 zazu2006 the Spear-Bearer (level 7, 0/60 HPs)
             Began as a Gnoll Wanderer on June 10, 2023.
             Was an Initiate of Vehumet.
             Slain by Sonja
             ... wielding a +2 dagger of distortion
              (12 damage)
             ... in the Dungeon (Sprint I: "Red Sonja").
             The game lasted 00:02:27 (471 turns).

zazu2006 the Spear-Bearer (Gnoll Wanderer)           Turns: 471, Time: 00:02:27

Health: 0/60       AC:  3    Str: 14    XL:     7   Next: 3%
Magic:  11/16      EV: 13    Int: 11    God:    Vehumet [......]
Gold:   405        SH:  0    Dex: 11    Spells: 14/18 levels left

rFire   . . .        j - +3 trident
rCold   . . .        (no shield)
rNeg    . . .        c - +0 leather armour
rPois   .            (no helmet)
rElec   .            (no cloak)
rCorr   .            (no gloves)
SInv    .            (no boots)
Will    .....        (no amulet)
Stlth   +++          (no ring)
HPRegen 0.30/turn    (no ring)
MPRegen 0.15/turn

%: no teleportation
@: freezing walls
A: fangs 1, strong nose, distributed training
a: Renounce Religion


You were in the Dungeon.
You worshipped Vehumet.
Vehumet was noncommittal.
You visited 1 branch You collected 405 gold pieces.

Inventory:

Hand Weapons
 a - a +3 spear
 j - a +3 trident (weapon)
Armour
 c - a +0 leather armour (worn)
Wands
 h - a wand of iceblast (9)
Scrolls
 i - a scroll of blinking
 k - a scroll of identify {unknown}
Potions
 b - a potion of invisibility
 d - a potion of curing
 e - a potion of heal wounds
 f - a potion of haste
 g - 2 potions of magic


   Skills:
 + Level 7.1 Fighting
 + Level 5.3 Short Blades
 + Level 5.3 Long Blades
 + Level 5.3 Axes
 + Level 5.3 Maces & Flails
 + Level 8.5 Polearms
 + Level 5.3 Staves
 + Level 5.3 Ranged Weapons
 + Level 5.3 Throwing
 + Level 5.9 Armour
 + Level 5.3 Dodging
 + Level 5.3 Stealth
 + Level 5.3 Shields
 + Level 5.3 Unarmed Combat
 + Level 6.0 Spellcasting
 + Level 4.3 Conjurations
 + Level 4.3 Hexes
 + Level 4.3 Summonings
 + Level 4.3 Necromancy
 + Level 4.3 Translocations
 + Level 4.3 Transmutations
 + Level 4.3 Fire Magic
 + Level 5.9 Ice Magic
 + Level 4.3 Air Magic
 + Level 4.3 Earth Magic
 + Level 4.3 Poison Magic
 + Level 5.8 Invocations
 + Level 5.9 Evocations


You had 14 spell levels left.
You knew the following spells:

 Your Spells              Type           Power      Damage    Failure   Level
a - Freeze                Ice            64%        1d7       1%          1
b - Frozen Ramparts       Ice            32%        1d5       6%          3

Your spell library contained the following spells:

 Spells                   Type           Power      Damage    Failure   Level


Dungeon Overview and Level Annotations

Branches:
Dungeon (1/1)

Altars:
Elyvilon
Fedhas
Kikubaaqudgha
Makhleb
Okawaru
Qazlal
Sif Muna
Trog
Vehumet
Wu Jian
Xom
Zin
The Shining One
Jiyva
Lugonu

Shops:
D (

Annotations:
D Sonja


Innate Abilities, Weirdness & Mutations

You have very sharp teeth.
Your uncanny sense of smell can sniff out nearby items.
Your experience applies equally to all skills.


Message History

Okay, then.
Your frozen ramparts will break if you move.
Continue?
Okay, then.
Sonja shouts!
Sonja throws a curare-tipped dart.
The curare-tipped dart misses you.
Reach: j) +3 trident
Press: ? - help, Dir - move target, f - Sonja
Aim: Sonja, wielding a +2 dagger of distortion, quivering curare-tipped darts and carrying a wand of paralysis (8) (about 77% to evade your +3 trident)
You reach to attack!
You completely miss Sonja.
The wall freezes Sonja but does no damage.
Unknown command.
Press < or > to pray at altars.
You barely miss Sonja. Your bite misses Sonja.
The wall freezes Sonja.
Sonja barely misses you. x2
Sonja hits you with a +2 dagger of distortion.
You barely miss Sonja. Your punch misses Sonja.
Sonja is lightly wounded.
The frozen ramparts melt away.
Sonja hits you with a +2 dagger of distortion.
Sonja hits you with a +2 dagger of distortion!
Sonja misses you.
Casting: Frozen Ramparts (dangerous; 6% risk of failure)
Confirm with . or Enter, or press ? or * to list all spells.
Casting: Frozen Ramparts (dangerous; 6% risk of failure)
Press: ? - help, Dir - look around, f - activate A radiant altar of Vehumet.
The walls around you are covered in ice.
The wall freezes Sonja.
Sonja barely misses you.
Sonja hits you with a +2 dagger of distortion.
Space warps around you.
Sonja hits you with a +2 dagger of distortion.
The wall freezes Sonja but does no damage.
Sonja hits you with a +2 dagger of distortion.
Space warps horribly around you!!
Sonja hits you with a +2 dagger of distortion.
* * * LOW HITPOINT WARNING * * *
Sonja hits you with a +2 dagger of distortion.
* * * LOW HITPOINT WARNING * * *
Space warps horribly around you!
You die...

##########################
#<.#).').#.)'..#__#..+..K#∆∆
#..'..#..'..#..'..'..#
#..#####'#####'#__#### #..#
#..#...#)####∆∆
#..#__####..##.# ∆∆
#..#_____##'#_.+
#⌠⌠#_.∩..Y+..._# ∆∆ ####
#@.#'# ∆∆ ##K#.#∆∆∆∆ ∆ .###
∆ ∆.$ ∆∆ ∆∆ ∆ ∆.$# .## ∆ +#∆
∆∆∆∆∆ ∆∆∆∆∆


You could see Sonja.

Vanquished Creatures
  Sigmund (D)
  A slime creature (D)
  An ogre (D)
  A jelly (D)
  Ijyb (D)
5 creatures vanquished.

Notes
Turn   | Place    | Note
-------+----------+-------------------------------------------
     0 | D        | zazu2006 the Gnoll Wanderer began the quest for the Orb.
     0 | D        | zazu2006 set off with the following items: a +3 spear, a
                  | potion of invisibility, a +0 leather armour, a potion of
                  | curing, a potion of heal wounds, a potion of haste, 2
                  | potions of magic, a potion of berserk rage, a scroll of
                  | blinking; and the following spell memorised: Freeze; and
                  | the following spells available to memorise: Frozen
                  | Ramparts.
     0 | D        | Reached XP level 1. HP: 20/20 MP: 4/4
     2 | D        | Noticed Ijyb
     8 | D        | Killed Ijyb
     9 | D        | Reached skill level 1 in Short Blades
     9 | D        | Reached skill level 1 in Long Blades
     9 | D        | Reached skill level 1 in Axes
     9 | D        | Reached skill level 1 in Maces & Flails
     9 | D        | Reached skill level 1 in Staves
     9 | D        | Reached skill level 1 in Ranged Weapons
     9 | D        | Reached skill level 1 in Throwing
     9 | D        | Reached skill level 1 in Dodging
     9 | D        | Reached skill level 1 in Stealth
     9 | D        | Reached skill level 1 in Shields
     9 | D        | Reached skill level 1 in Unarmed Combat
     9 | D        | Reached skill level 1 in Conjurations
     9 | D        | Reached skill level 1 in Hexes
     9 | D        | Reached skill level 1 in Summonings
     9 | D        | Reached skill level 1 in Necromancy
     9 | D        | Reached skill level 1 in Translocations
     9 | D        | Reached skill level 1 in Transmutations
     9 | D        | Reached skill level 1 in Fire Magic
     9 | D        | Reached skill level 1 in Air Magic
     9 | D        | Reached skill level 1 in Earth Magic
     9 | D        | Reached skill level 1 in Poison Magic
     9 | D        | Reached XP level 2. HP: 18/26 MP: 6/6
     9 | D        | Reached XP level 3. HP: 22/32 MP: 7/7
    67 | D        | Noticed an ogre
    70 | D        | Killed an ogre
    71 | D        | Reached skill level 5 in Fighting
    71 | D        | Reached skill level 7 in Polearms
    71 | D        | Reached XP level 4. HP: 21/39 MP: 8/10
   148 | D        | Noticed Sigmund
   163 | D        | Killed Sigmund
   164 | D        | Reached skill level 8 in Polearms
   164 | D        | Reached skill level 5 in Armour
   164 | D        | Reached skill level 5 in Spellcasting
   164 | D        | Reached skill level 5 in Ice Magic
   164 | D        | Reached skill level 5 in Evocations
   164 | D        | Reached XP level 5. HP: 30/47 MP: 9/12
   164 | D        | Reached XP level 6. HP: 34/53 MP: 9/13
   230 | D        | Found a shimmering blue altar of Sif Muna.
   231 | D        | Found an ornate altar of the Wu Jian Council.
   233 | D        | Found a radiant altar of Vehumet.
   242 | D        | Reached skill level 5 in Invocations
   263 | D        | Became a worshipper of Vehumet
   264 | D        | Found Dory's Weapon Emporium.
   264 | D        | Found an ancient bone altar of Kikubaaqudgha.
   264 | D        | Found a stormy altar of Qazlal.
   264 | D        | Found a blossoming altar of Fedhas.
   264 | D        | Found a bloodstained altar of Trog.
   264 | D        | Found an iron altar of Okawaru.
   264 | D        | Found a glowing golden altar of the Shining One.
   264 | D        | Found a glowing silver altar of Zin.
   264 | D        | Found a white marble altar of Elyvilon.
   264 | D        | Noticed a yak
   272 | D        | Found a viscous altar of Jiyva.
   272 | D        | Found a corrupted altar of Lugonu.
   272 | D        | Noticed a slime creature
   273 | D        | Found a burning altar of Makhleb.
   273 | D        | Found a shimmering altar of Xom.
   281 | D        | Killed a slime creature
   282 | D        | Reached skill level 5 in Short Blades
   282 | D        | Reached skill level 5 in Long Blades
   282 | D        | Reached skill level 5 in Axes
   282 | D        | Reached skill level 5 in Maces & Flails
   282 | D        | Reached skill level 5 in Staves
   282 | D        | Reached skill level 5 in Ranged Weapons
   282 | D        | Reached skill level 5 in Throwing
   282 | D        | Reached skill level 5 in Dodging
   282 | D        | Reached skill level 5 in Stealth
   282 | D        | Reached skill level 5 in Shields
   282 | D        | Reached skill level 5 in Unarmed Combat
   282 | D        | Reached XP level 7. HP: 26/60 MP: 14/16
   407 | D        | Noticed a kobold demonologist
   440 | D        | Learned a level 3 spell: Frozen Ramparts
   462 | D        | Noticed Sonja
   471 | D        | Slain by Sonja

Illustrated notes

Levels and vault maps discovered:
D:        dungeon_sprint_1 [red_sonja_temple_1, red_sonja_temple_small_1]

Skill      XL: |  1  2  3  4  5  6 |
---------------+-------------------+-----
Short Blades   | 1 3 4 5 |  5.3
Long Blades    | 1 3 4 5 |  5.3
Axes           | 1 3 4 5 |  5.3
Maces & Flails | 1 3 4 5 |  5.3
Staves         | 1 3 4 5 |  5.3
Ranged Weapons | 1 3 4 5 |  5.3
Throwing       | 1 3 4 5 |  5.3
Armour         | 3 4 5 |  5.9
Dodging        | 1 3 4 5 |  5.3
Stealth        | 1 3 4 5 |  5.3
Shields        | 1 3 4 5 |  5.3
Unarmed Combat | 1 3 4 5 |  5.3
Spellcasting   | 3 4 5 6 |  6.0
Conjurations   | 1 2 3 4 |  4.3
Hexes          | 1 2 3 4 |  4.3
Summonings     | 1 2 3 4 |  4.3
Necromancy     | 1 2 3 4 |  4.3
Translocations | 1 2 3 4 |  4.3
Transmutations | 1 2 3 4 |  4.3
Fire Magic     | 1 2 3 4 |  4.3
Ice Magic      | 4 5 |  5.9
Air Magic      | 1 2 3 4 |  4.3
Earth Magic    | 1 2 3 4 |  4.3
Poison Magic   | 1 2 3 4 |  4.3
Invocations    | 2 3 4 5 |  5.8
Evocations     | 3 4 5 |  5.9
Fighting       | 5 6 7 |  7.1
Polearms       | 7 8 |  8.5

Action                     |  1- 3 |  4- 6 |  7- 9 || total
---------------------------+-------+-------+-------++-------
  Melee: Spear             |     4 |    11 |       ||    15
         Bite              |     1 |     4 |       ||     5
         Trident           |       |    10 |     3 ||    13
   Cast: Freeze            |       |     2 |       ||     2
         Frozen Ramparts   |       |       |     2 ||     2
  Evoke: Wand              |     2 |       |       ||     2
    Use: Potion            |     1 |       |       ||     1
   Stab: Sleeping          |     1 |       |       ||     1
  Dodge: Dodged            |     1 |     9 |     5 ||    15

Table legend: (Time is in decaauts)
 A = Elapsed time spent in this place.
 B = Non-inter-level travel time spent in this place.
 C = Inter-level travel time spent in this place.
 D = Time resting spent in this place.
 E = Time spent auto-exploring this place.
 F = Levels seen in this place.
 G = Mean time per level.
                   A        B        C        D        E       F      G
               +--------+--------+--------+--------+--------+-----+--------+
         Total |    475 |    475 |      0 |    299 |      0 |   1 |  475.0 |
       Dungeon |    475 |    475 |      0 |    299 |      0 |   1 |  475.0 |
               +--------+--------+--------+--------+--------+-----+--------+

Top non-repeatable levels by time:
       D: 475 daAuts
